 Dungeon Crawl Stone Soup version 0.20-a0-957-g47ad1fd (webtiles) character file.

216 Firecrotchwizard the Spear-Bearer (level 5, -1/38 HPs)
             Began as a Merfolk Gladiator on Apr 4, 2017.
             Slain by an orc
             ... wielding a +0 whip
              (2 damage)
             ... on level 4 of the Dungeon on Apr 5, 2017.
             The game lasted 00:07:22 (3052 turns).

Firecrotchwizard the Spear-Bearer (MfGl)            Turns: 3052, Time: 00:07:23

Health: -1/38      AC:  6    Str: 14    XL:     5   Next: 93%
Magic:  5/5        EV: 13    Int:  8    God:
Gold:   110        SH:  0    Dex: 16    Spells: 4/4 levels left

rFire    . . .     SeeInvis +   a - +0 trident
rCold    . . .     Gourm    .   (no shield)
rNeg     . . .     Faith    .   j - +0 ring mail
rPois    .         Spirit   .   c - +0 helmet
rElec    .         Reflect  .   (no cloak)
rCorr    .         Harm     .   (no gloves)
MR       .....                  (no boots)
Stlth    +.........             (no amulet)
Regen    0.2/turn               q - ring of see invisible
MPRegen  0.1/turn               (no ring)

@: no status effects
A: change form in water, swift swim, stealthy swim
a: no special abilities


You were on level 4 of the Dungeon.
You were not hungry.

You visited 1 branch of the dungeon, and saw 4 of its levels.

You collected 110 gold pieces.

Inventory:

Hand Weapons
 a - a +0 trident (weapon)
Missiles
 d - 3 throwing nets (quivered)
Armour
 b - a +0 leather armour
 c - a +0 helmet (worn)
 j - a +0 ring mail (worn)
 n - a +1 scale mail of fire resistance
Jewellery
 q - a ring of see invisible (left hand)
Scrolls
 e - 2 scrolls of recharging {unknown}
 i - a scroll of remove curse {unknown}
 l - a scroll of enchant armour {unknown}
 m - a scroll of random uselessness {unknown}
 o - a scroll of fog {unknown}
 s - a scroll of identify {unknown}
Potions
 g - a potion of resistance {unknown}
 k - a potion of mutation {unknown}
 p - a potion of curing {unknown}
Comestibles
 f - a bread ration
 h - 3 meat rations
 r - a chunk of flesh
 t - a royal jelly


   Skills:
 - Level 2.1 Fighting
 + Level 9.2 Polearms
 - Level 2.0 Throwing
 - Level 4.0 Dodging


You had 4 spell levels left.
You didn't know any spells.

Dungeon Overview and Level Annotations

Branches:
Dungeon (3/15)

Altars:


Message History

* * * LOW HITPOINT WARNING * * *
The orc wizard misses you.
You hit the orc wizard but do no damage.
The orc wizard is moderately wounded.
The orc barely misses you. The orc wizard closely misses you.
You closely miss the orc wizard.
The orc wizard is moderately wounded.
The orc wizard hits you but does no damage.
The orc hits you with a whip.
* * * LOW HITPOINT WARNING * * *
You puncture the orc wizard!
The orc wizard is almost dead.
The orc wizard hits you but does no damage.
The orc hits you but does no damage.
You miss the orc wizard.
The orc wizard is almost dead.
The orc wizard hits you with a dagger.
* * * LOW HITPOINT WARNING * * *
The orc hits you with a whip.
You die...

#.##### ###.##
#.....##)..[...
.###...........(.#
.................#
.................+
.........##......####
.##.........##.......
##..................
...........o@o......
.#######....########.
..............o....
#...#####.......# #..
#####.......# +
........>....#
........o....#
........%....#
.......ยง........


You could see an orc wizard and an orc.

Vanquished Creatures
  A hound (D:4)
  A hound skeleton (D:4)
  7 adders
  An ooze (D:1)
  2 worms
  4 dart slugs
  7 leopard geckos
  6 orcs
  6 giant cockroaches
  3 goblins (D:1)
  7 hobgoblins
  8 jackals
  12 kobolds
  6 bats
  A frilled lizard (D:2)
  7 rats
79 creatures vanquished.

Notes
Turn   | Place    | Note
-------+----------+-------------------------------------------
     0 | D:1      | Firecrotchwizard the Merfolk Gladiator began the quest for the Orb.
     0 | D:1      | Reached XP level 1. HP: 16/16 MP: 1/1
   216 | D:1      | Upgraded the game from 0.20-a0-950-g92a50c4 to 0.20-a0-957-g47ad1fd
   348 | D:1      | Reached skill level 5 in Polearms
   348 | D:1      | Reached XP level 2. HP: 15/22 MP: 2/2
   596 | D:1      | Reached skill level 6 in Polearms
   596 | D:1      | Reached XP level 3. HP: 27/27 MP: 3/3
  1174 | D:2      | Reached XP level 4. HP: 33/33 MP: 4/4
  1187 | D:2      | Reached skill level 7 in Polearms
  2490 | D:3      | Reached skill level 8 in Polearms
  2499 | D:3      | Reached XP level 5. HP: 38/38 MP: 5/5
  3005 | D:3      | You fall through a shaft!
  3013 | D:4      | Reached skill level 9 in Polearms
  3050 | D:4      | HP: 1/38 [orc/whip (2)]
  3052 | D:4      | Slain by an orc

Vault maps used:
D:1:      saegor_arrival_simple_f, roderic_lattice_a, kennysheep_nondescript
D:2:      minmay_kobold_bridge
D:4:      fedhas_altar_fruit_tree, first_bread, minmay_misc_feat_square,
          hangedman_decor_clover_reticule, uniq_duvessa, uniq_edmund

Skill      XL: |  1  2  3  4  5 |
---------------+----------------+-----
Polearms       | 5 6 8 9 |  9.2
Fighting       | |  2.1
Throwing       | |  2.0
Dodging        | |  4.0

Action                   |  1- 3 |  4- 6 || total
-------------------------+-------+-------++-------
Melee: Trident           |   117 |   194 ||   311
  Eat: Chunk             |     1 |     6 ||     7
Armor: Leather armour    |     7 |       ||     7
       Ring mail         |    20 |    45 ||    65
Dodge: Dodged            |    43 |   102 ||   145
